 Dungeon Crawl Stone Soup version 0.28.0-53-g5a82cb258f (webtiles) character file.

Game seed: 11594800438334328494

1600 cbfl8 the Chopper (level 8, -9/73 HPs)
             Began as a Minotaur Berserker on Aug 22, 2022.
             Was a Priest of Trog.
             Mangled by a boulder beetle (13 damage)
             ... on level 6 of the Dungeon.
             The game lasted 00:06:29 (6947 turns).

cbfl8 the Chopper (Minotaur Berserker)              Turns: 6947, Time: 00:06:30

Health: -9/73      AC: 13    Str: 21    XL:     8   Next: 62%
Magic:  7/7        EV: 11    Int:  7    God:    Trog [***...]
Gold:   318        SH:  8    Dex: 13    Spells: 7/7 levels left

rFire   . . .      SeeInvis .   x - +0 war axe
rCold   . . .      Faith    .   d - +0 kite shield
rNeg    . . .      Spirit   .   A - +0 ring mail
rPois   +          Reflect  .   p - +2 hat {Int+3}
rElec   .          Harm     .   r - +0 cloak
rCorr   .          Rampage  .   (no gloves)
Will    .....                   u - +0 pair of boots
Stlth   +.........              (no amulet)
HPRegen 0.22/turn               q - +4 ring of protection
MPRegen 0.10/turn               a - ring of poison resistance

@: on berserk cooldown, slowed, very slow
A: horns 2, retaliatory headbutt
a: Renounce Religion, Berserk, Trog's Hand


You were on level 6 of the Dungeon.
You worshipped Trog.
Trog was most pleased with you.
You visited 1 branch of the dungeon, and saw 6 of its levels.

You collected 318 gold pieces.

Inventory:

Hand Weapons
 x - a +0 war axe (weapon)
Armour
 d - a +0 kite shield (worn)
 p - a +2 hat of intelligence (worn)
 r - a +0 cloak (worn)
 u - a +0 pair of boots (worn)
 A - a +0 ring mail (worn)
Jewellery
 a - a ring of poison resistance (right hand)
 q - a +4 ring of protection (left hand)
 y - a ring of protection from cold
Scrolls
 e - a scroll of fog
 g - 3 scrolls of magic mapping
 h - a scroll of noise
 i - 3 scrolls of teleportation
 j - a scroll of identify {unknown}
 l - 2 scrolls of enchant weapon {unknown}
 o - a scroll of silence {unknown}
 z - 3 scrolls of blinking {unknown}
Potions
 c - 4 potions of lignification {unknown}
 f - 2 potions of might {unknown}
 k - a potion of mutation {unknown}
 m - 2 potions of heal wounds {unknown}
 n - 2 potions of curing {unknown}
 s - a potion of haste {unknown}
 t - a potion of brilliance {unknown}
 v - a potion of flight {unknown}
 w - a potion of degeneration {unknown}


   Skills:
 * Level 7.1 Fighting
 + Level 7.6 Axes
 + Level 2.5 Armour
 * Level 6.1 Dodging
 + Level 1.8 Stealth
 + Level 3.5 Shields
 * Level 3.5 Evocations


You had 7 spell levels left.
You didn't know any spells.
Your spell library was empty.

Dungeon Overview and Level Annotations

Branches:
Dungeon (6/15)             Temple (0/1) D:5

Altars:
Cheibriados
Trog
Uskayaw
The Shining One

Shops:
D:4 [


Innate Abilities, Weirdness & Mutations

You have a pair of horns on your head.
You reflexively headbutt those who attack you in melee.


Message History

The boulder beetle is severely wounded.
You slash the boulder beetle!
The boulder beetle is severely wounded.
The boulder beetle leaps!
The boulder beetle leaps!
You see here 5 gold pieces.
You feel a strong urge to attack something.
The boulder beetle curls into a ball and begins rolling!
You are no longer berserk.
You are exhausted.
You feel yourself slow down.
You see here 5 gold pieces.
The boulder beetle closely misses you. You furiously retaliate!
You headbutt the boulder beetle.
The boulder beetle stops rolling and uncurls.
The boulder beetle bites you but does no damage.
You slash the boulder beetle!
You headbutt the boulder beetle, but do no damage.
The boulder beetle is almost dead.
You block the boulder beetle's attack.
The boulder beetle leaps!
You slash the boulder beetle!
You headbutt the boulder beetle, but do no damage.
The boulder beetle is almost dead.
The boulder beetle closely misses you. The boulder beetle bites you!!
You hit the boulder beetle but do no damage.
The boulder beetle is almost dead.
The boulder beetle closely misses you. You furiously retaliate!
You headbutt the boulder beetle. The boulder beetle bites you!!
You are too injured to fight recklessly!
You are too injured to fight recklessly!
You barely miss the boulder beetle.
The boulder beetle is almost dead.
You block the boulder beetle's attack.
The boulder beetle bites you but does no damage.
You hit the boulder beetle.
The boulder beetle is almost dead.
The boulder beetle bites you!!
* * * LOW HITPOINT WARNING * * *
The boulder beetle bites you!
You die...

#....##.##..#.
#.....#.#..##. .
#.....#.##.... ... #####
#>............
...##...####...##.†.....
(........#...[....##....
#............#.###....
#....))..##.##.###....
#...B@..###.#.........
###.....####[....##....
#.........#...########..
..#........).†## #.. #
#.....$....... #####..
##............ .......
##............###.#..
...............## #.#..
........#..#.### # #..


You could see a boulder beetle.

Vanquished Creatures
  3 yaks (D:5)
  A steam dragon (D:6)
  A centaur (D:5)
  2 phantoms
  A kobold brigand (D:3)
  2 scorpions (D:4)
  A wyvern skeleton (D:5)
  A howler monkey (D:4)
  Crazy Yiuf (D:3)
  4 hounds
  A jelly (D:5)
  3 iguanas
  Jessica (D:2)
  A scorpion zombie (D:5)
  A hound skeleton (D:4)
  A mummy (D:3)
  Robin (D:3)
  7 adders
  A white imp (D:6)
  An adder skeleton (D:4)
  A worm (D:3)
  3 dart slugs
  4 orcs
  7 endoplasms
  3 giant cockroaches
  13 goblins
  13 hobgoblins
  3 jackals (D:4)
  5 quokkas
  8 ball pythons
  5 bats
  3 frilled lizards
  8 kobolds
  5 rats
116 creatures vanquished.

Notes
Turn   | Place    | Note
-------+----------+-------------------------------------------
     0 | D:1      | cbfl8 the Minotaur Berserker began the quest for the Orb.
     0 | D:1      | Reached XP level 1. HP: 19/19 MP: 0/0
   338 | D:1      | Reached XP level 2. HP: 25/27 MP: 1/1
  1518 | D:2      | Reached XP level 3. HP: 33/33 MP: 2/2
  1676 | D:2      | Reached XP level 4. HP: 40/41 MP: 3/3
  2042 | D:2      | Reached ** piety under Trog
  2100 | D:2      | Noticed Jessica
  2114 | D:2      | HP: 1/61 [Jessica/nerve-wracking pain (14)]
  2115 | D:2      | Killed Jessica
  2860 | D:3      | Found a snail-covered altar of Cheibriados.
  2872 | D:3      | Reached skill level 5 in Axes
  3107 | D:3      | Noticed Robin
  3114 | D:3      | Killed Robin
  3115 | D:3      | Reached XP level 5. HP: 38/47 MP: 4/4
  3386 | D:3      | Reached skill level 1 in Evocations
  3469 | D:3      | Found a glowing golden altar of the Shining One.
  3676 | D:3      | Reached skill level 1 in Shields
  3897 | D:3      | Reached skill level 5 in Fighting
  4069 | D:3      | Found a runed translucent door.
  4070 | D:3      | Noticed Crazy Yiuf
  4242 | D:3      | Killed Crazy Yiuf
  4243 | D:3      | Reached skill level 1 in Stealth
  4243 | D:3      | Reached XP level 6. HP: 56/56 MP: 5/5
  4976 | D:4      | Found Roax's Armour Emporium.
  5070 | D:4      | Reached XP level 7. HP: 38/61 MP: 6/6
  5171 | D:4      | Reached *** piety under Trog
  5783 | D:5      | Entered Level 5 of the Dungeon
  5814 | D:5      | Found a staircase to the Ecumenical Temple.
  5851 | D:5      | Reached skill level 5 in Dodging
  6259 | D:5      | Found a hide-covered altar of Uskayaw.
  6456 | D:5      | Noticed a yak
  6457 | D:5      | Noticed a yak
  6465 | D:5      | Killed a yak
  6465 | D:5      | Noticed a yak
  6466 | D:5      | Reached XP level 8. HP: 70/70 MP: 7/7
  6785 | D:6      | Noticed a boulder beetle
  6830 | D:6      | Found a bloodstained altar of Trog.
  6947 | D:6      | Mangled by a boulder beetle

Illustrated notes

Levels and vault maps discovered:
D:1:      onia_arrival_pentagram, layout_loops_ring, due_unseen_surprise
D:2:      layout_basic, kennysheep_jessica_study
D:3:      layout_loops_cross, tso_altar, slow_altar_1, uniq_crazy_yiuf_cottage,
          uniq_robin
D:4:      layout_basic, serial_shops, nicolae_square_shop, grunt_ministairs_15
D:5:      layout_rooms, mainiacjoe_overflow_surrounded_room,
          minmay_temple_entry_drinking_statues
D:6:      layout_rooms, zin_scriptorium, trog_book

Skill      XL: |  1  2  3  4  5  6  7  8 |
---------------+-------------------------+-----
Fighting       | 4 5 6 7 |  7.1
Axes           | 4 5 6 7 |  7.6
Dodging        | 3 4 5 6 |  6.1
Evocations     | 1 2 3 |  3.5
Shields        | 1 2 3 |  3.5
Stealth        | 1 |  1.8
Armour         | |  2.5

Action                   |  1- 3 |  4- 6 |  7- 9 || total
-------------------------+-------+-------+-------++-------
Melee: Hand axe          |    67 |   204 |       ||   271
       Headbutt          |     5 |    27 |    29 ||    61
       War axe           |       |    11 |    99 ||   110
Invok: Berserk           |     2 |     5 |     2 ||     9
  Use: Scroll            |     2 |     2 |       ||     4
 Stab: Sleeping          |       |     3 |     1 ||     4
Armor: Animal skin       |     9 |    61 |    30 ||   100
       Ring mail         |       |       |     8 ||     8
Dodge: Dodged            |    39 |    91 |    57 ||   187
Block: Kite shield       |    11 |    87 |    43 ||   141
